 Dungeon Crawl Stone Soup version 0.29.0-13-gc9e81de378 (webtiles) character file.

Game seed: 4744544909746447681

11912 nickcage the Impaler (level 11, -6/72 HPs)
             Began as a Merfolk Gladiator on Sept 7, 2022.
             Was a Priest of Hepliaklqana.
             Engulfed by an ice statue's freezing vapour (15 damage)
             ... in an ice cave.
             The game lasted 00:30:59 (13057 turns).

nickcage the Impaler (Merfolk Gladiator)           Turns: 13057, Time: 00:30:59

Health: -6/72      AC: 14    Str: 20    XL:     11   Next: 85%
Magic:  11/11      EV:  7    Int:  7    God:    Hepliaklqana [***...]
Gold:   515        SH: 20    Dex: 21    Spells: 10/10 levels left

rFire   . . .      SeeInvis +   G - +3 trident
rCold   . . .      Faith    .   p - +1 tower shield
rNeg    . . .      Spirit   .   D - +0 chain mail
rPois   .          Reflect  .   c - +0 helmet
rElec   .          Harm     .   f - scarf {repulsion}
rCorr   .          Rampage  .   k - +1 pair of gloves
Will    .....                   B - +2 pair of boots {Stlth+}
Stlth   ..........              N - amulet of regeneration
HPRegen 1.02/turn               m - +6 ring of dexterity
MPRegen 0.12/turn               s - ring of see invisible

@: studying Air Magic, repel missiles
A: reduced essence, (nimble swimmer 2), mertail
a: Renounce Religion, Recall Ancestor, Ancestor Identity, Transference


You were in an ice cave.
You worshipped Hepliaklqana.
Hepliaklqana was most pleased with you.
You visited 2 branches of the dungeon, and saw 12 of its levels.
You also visited: Ice Cave.

You collected 515 gold pieces.

Inventory:

Hand Weapons
 a - a +1 trident
 C - a +0 halberd
 F - a +5 long sword of freezing
 G - a +3 trident (weapon)
 I - a +0 glaive
Missiles
 d - 3 throwing nets
 r - 7 poisoned darts (quivered)
 H - 5 boomerangs of dispersal
 T - 5 boomerangs
Armour
 b - a +0 leather armour
 c - a +0 helmet (worn)
 f - a scarf of repulsion (worn)
 j - a +0 ring mail
 k - a +1 pair of gloves (worn)
 p - a +1 tower shield (worn)
 w - +0 steam dragon scales
 B - a +2 pair of boots of stealth (worn)
 D - a +0 chain mail (worn)
 E - a +0 pair of gloves
Jewellery
 e - a ring of flight
 m - a +6 ring of dexterity (left hand)
 s - a ring of see invisible (right hand)
 y - a +6 ring of intelligence
 N - an amulet of regeneration (around neck)
 Q - an amulet of guardian spirit
Wands
 g - a wand of flame (11)
 z - a wand of paralysis (12)
 A - a wand of polymorph (7)
 R - a wand of mindburst (10)
Scrolls
 h - 5 scrolls of teleportation
 i - 6 scrolls of identify
 x - a scroll of poison
 L - a scroll of butterflies
 O - a scroll of magic mapping {unknown}
 P - a scroll of enchant armour
 S - a scroll of blinking {unknown}
Potions
 l - 2 potions of flight
 n - 2 potions of magic
 o - 3 potions of degeneration
 q - 4 potions of brilliance
 t - 2 potions of cancellation
 u - 3 potions of heal wounds
 v - 2 potions of mutation
 J - a potion of invisibility
 K - a potion of curing
Miscellaneous
 M - a piece from Xom's chessboard (15/15)


   Skills:
 + Level 5.5 Fighting
 * Level 17.7 Polearms
 - Level 2.0 Throwing
 - Level 4.0 Dodging
 + Level 11.5 Shields
 - Level 1.0 Evocations


You had 10 spell levels left.
You didn't know any spells.
Your spell library contained the following spells:

 Spells                   Type           Power      Damage    Failure   Level
 Magic Dart               Conj           0%         1d3       100%        1
 Shock                    Conj/Air       0%         1d3       100%        1
 Slow                     Hex            0%         N/A       100%        1
 Sting                    Tmut/Pois      0%         1d3       100%        1
 Call Imp                 Summ           0%         N/A       100%        2
 Ensorcelled Hibernation  Hex/Ice        0%         N/A       100%        2
 Passwall                 Tmut/Erth      0%         N/A       100%        2
 Poisonous Vapours        Pois/Air       0%         N/A       100%        2
 Confusing Touch          Hex            0%         N/A       100%        3
 Mephitic Cloud           Conj/Pois/Air  0%         N/A       100%        3
 Ozocubu's Armour         Ice            0%         N/A       100%        3
 Spider Form              Tmut/Pois      0%         N/A       100%        3
 Swiftness                Air            0%         N/A       100%        3
 Vampiric Draining        Necr           0%         2d6       100%        3
 Airstrike                Air            0%         2d(0-16)  100%        4
 Anguish                  Hex/Necr       0%         N/A       100%        4
 Olgreb's Toxic Radiance  Pois           0%         N/A       100%        4
 Metabolic Englaciation   Hex/Ice        0%         N/A       100%        5
 Simulacrum               Ice/Necr       0%         N/A       100%        6


Dungeon Overview and Level Annotations

Branches:
Dungeon (11/15)            Temple (1/1) D:4            Lair (0/5) D:8
  IceCv (1/1)
    Orc: D:9-12

Altars:
Ashenzari
Cheibriados
Dithmenos
Elyvilon
Fedhas
Gozag
Hepliaklqana
Kikubaaqudgha
Makhleb
Nemelex Xobeh
Okawaru
Qazlal
Ru
Trog
Uskayaw
Vehumet
Wu Jian
Yredelemnul
Zin
The Shining One

Annotations:
D:10 2 runed translucent doors IceCv exclusion: ice statue


Innate Abilities, Weirdness & Mutations

Your life essence is reduced to manifest your ancestor. (-10% HP)
((You are very nimble when in or above water. (Stealth+, EV+, Speed+++)))
Your lower body shifts to a powerful aquatic tail in water.


Message History

No target in view!
No target in view!
You start resting.
Ancestor HP restored.
You start resting.
HP restored.
You swap places.
Really walk into a travel-excluded area?
The ice statue gestures at you.
The shard of ice is repelled.
You hit the ice statue.
The ice statue is lightly damaged.
You hit the ice statue but do no damage.
The ice statue is lightly damaged.
Tank hits the ice statue with a +0 flail!
The ice statue gestures at you. The freezing blast engulfs you!!
You hit the ice statue but do no damage.
The ice statue is lightly damaged.
You are engulfed in freezing vapours.
Tank is engulfed in freezing vapours.
Tank hits the ice statue with a +0 flail.
You completely miss the ice statue.
The ice statue is lightly damaged.
You are engulfed in freezing vapours.
Tank is engulfed in freezing vapours.
Tank hits the ice statue with a +0 flail.
You hit the ice statue.
The ice statue is moderately damaged.
You are engulfed in freezing vapours.
* * * LOW HITPOINT WARNING * * *
The ice statue gestures at you. The bolt of cold misses you.
Tank is engulfed in freezing vapours.
Tank hits the ice statue but does no damage.
You puncture the ice statue!
The ice statue is moderately damaged.
You are engulfed in freezing vapours.
* * * LOW HITPOINT WARNING * * *
Tank is engulfed in freezing vapours.
Tank hits the ice statue but does no damage.
You are engulfed in freezing vapours.
You die...

###....##
###........##
###...........##
##..............##
##................#
#.................#
#.☼............#
#..○°@........#
###○°R°......#
##8#....#.##
####..#### #..##
##..## ##..# ##...#
##...##


You could see the friendly Tank the knight and an ice statue (ally target).

Vanquished Creatures
  3 two-headed ogres
  A manticore (D:11)
  Joseph (D:9)
  An ice statue (IceCv)
  A rime drake (IceCv)
  A komodo dragon (D:8)
  2 ice devils (D:11)
  3 trolls
  7 yaks
  A basilisk (D:9)
  3 steam dragons
  2 water moccasins
  2 orc warriors
  2 black bears
  An ice beast (D:6)
  A sky beast (D:7)
  An ogre (D:6)
  A wolf (D:9)
  8 centaurs
  3 phantoms
  3 bullfrogs
  A water moccasin zombie (D:5)
  A scorpion (D:5)
  10 wights
  3 killer bees (D:9)
  A vampire bat (D:4)
  A howler monkey (D:10)
  A bullfrog zombie (D:5)
  5 hounds
  5 orc priests
  A jelly (D:7)
  3 iguanas
  7 orc wizards
  2 scorpion zombies (D:5)
  3 hound zombies (D:5)
  4 gnolls
  8 adders
  2 white imps (D:5)
  A steam dragon simulacrum (IceCv)
  An adder skeleton (D:5)
  A dart slug (D:1)
  22 orcs
  5 bats
  5 bat skeletons (D:4)
  A bat zombie (D:4)
  An endoplasm (D:4)
  2 giant cockroaches
  6 goblins
  5 hobgoblins
  4 quokkas
  4 ball pythons
  4 kobolds
  4 rats
172 creatures vanquished.

Vanquished Creatures (collateral kills)
  Amaemon (D:9)
  An orange demon (D:9)
  2 trolls
  3 yaks
  A wyvern (D:8)
  Grum (D:9)
  An orc warrior (D:9)
  A wolf (D:9)
  A centaur (D:9)
  A wight (D:8)
  A lindwurm simulacrum (IceCv)
  2 howler monkeys (D:10)
  A komodo dragon simulacrum (IceCv)
  An orc priest (D:10)
  3 steam dragon simulacra (IceCv)
  An orc (D:10)
22 creatures vanquished.

Vanquished Creatures (others)
  3 ancestors
  3 knights
  22 fungi (D:5)
  3 plants (D:8)
  3 withered plants (D:5)
34 creatures vanquished.

Grand Total: 228 creatures vanquished

Notes
Turn   | Place    | Note
-------+----------+-------------------------------------------
     0 | D:1      | nickcage the Merfolk Gladiator began the quest for the Orb.
     0 | D:1      | Reached XP level 1. HP: 16/16 MP: 1/1
   526 | D:1      | Reached XP level 2. HP: 18/22 MP: 2/2
  1022 | D:2      | Reached skill level 5 in Polearms
  1545 | D:2      | Found a faded altar of an unknown god.
  1559 | D:2      | Reached XP level 3. HP: 16/27 MP: 3/3
  1811 | D:2      | HP: 1/27 [bat (1)]
  2406 | D:3      | Found a radiant altar of Vehumet.
  2421 | D:2      | HP: 1/27 [poisoned by an adder]
  2428 | D:2      | Reached skill level 6 in Polearms
  2630 | D:3      | Reached XP level 4. HP: 33/33 MP: 4/4
  2754 | D:3      | Reached skill level 1 in Shields
  3816 | D:4      | Found a staircase to the Ecumenical Temple.
  3822 | Temple   | Entered the Ecumenical Temple
  4051 | D:4      | Reached XP level 5. HP: 38/38 MP: 5/5
  4146 | D:4      | Found an opulent altar of Gozag.
  4252 | D:4      | Identified the +3 dagger "Ajoit" {freeze, rCorr SInv}
  4509 | D:4      | Found an ancient bone altar of Kikubaaqudgha.
  4527 | D:4      | Reached skill level 7 in Polearms
  4591 | D:5      | Entered Level 5 of the Dungeon
  4628 | D:5      | Reached XP level 6. HP: 29/44 MP: 6/6
  4841 | D:5      | Reached skill level 8 in Polearms
  5081 | D:5      | Reached XP level 7. HP: 49/50 MP: 7/7
  5138 | D:5      | Found a broken altar of Ashenzari.
  5279 | D:5      | Reached skill level 9 in Polearms
  5562 | D:5      | Noticed a steam dragon
  5702 | D:5      | HP: 2/50 [steam dragon/ball of steam (19)]
  5704 | D:5      | Killed a steam dragon
  5705 | D:5      | Reached skill level 10 in Polearms
  6062 | D:5      | Noticed a steam dragon
  6073 | D:5      | Killed a steam dragon
  6074 | D:5      | Reached XP level 8. HP: 53/56 MP: 8/8
  6143 | D:5      | Reached skill level 5 in Shields
  6349 | D:6      | Reached skill level 11 in Polearms
  7277 | D:6      | Reached skill level 12 in Polearms
  7372 | D:6      | Found an ornate altar of the Wu Jian Council.
  7390 | D:6      | Reached XP level 9. HP: 46/61 MP: 9/9
  7510 | D:6      | Reached skill level 13 in Polearms
  7736 | D:6      | Found a stormy altar of Qazlal.
  7755 | D:6      | Found a hazy altar of Hepliaklqana.
  7755 | D:6      | Found an iron altar of Okawaru.
  7762 | D:6      | Became a worshipper of Hepliaklqana the Forgotten
  7775 | D:6      | Found a shadowy altar of Dithmenos.
  7778 | D:6      | Found a sparkling altar of Nemelex Xobeh.
  8488 | D:7      | Paralysed by a centaur for 2 turns
  8499 | D:7      | Paralysed by a centaur for 3 turns
  8500 | D:7      | Reached skill level 14 in Polearms
  8878 | D:7      | Found a burning altar of Makhleb.
  9724 | D:8      | Found a staircase to the Lair.
  9725 | D:8      | Noticed a komodo dragon
  9741 | D:8      | Killed a komodo dragon
  9742 | D:8      | Reached XP level 10. HP: 67/67 MP: 10/10
  9772 | D:8      | Reached * piety under Hepliaklqana
  9780 | D:8      | Reached skill level 15 in Polearms
  9901 | D:8      | Found a blossoming altar of Fedhas.
 10361 | D:9      | Noticed Grum
 10373 | D:9      | Killed Grum
 10394 | D:9      | Reached skill level 1 in Evocations
 10521 | D:9      | Found a bloodstained altar of Trog.
 10585 | D:9      | Noticed an orange demon
 10587 | D:9      | Noticed Amaemon
 10673 | D:9      | Killed Amaemon
 10678 | D:9      | Killed an orange demon
 10970 | D:9      | Noticed Joseph
 11007 | D:9      | Killed Joseph
 11008 | D:9      | Reached skill level 16 in Polearms
 11228 | D:9      | Reached skill level 10 in Shields
 11267 | D:9      | Reached ** piety under Hepliaklqana
 11268 | D:9      | Remembered your ancestor Tank as a knight
 11307 | D:9      | Identified the +10 war axe of the Egg {speed, Fragile rElec
                  | Dex+6 Stlth+}
 11772 | D:10     | Entered Level 10 of the Dungeon
 11782 | D:10     | Reached XP level 11. HP: 67/67 MP: 11/11
 11881 | D:10     | Noticed a two-headed ogre
 11887 | D:10     | Killed a two-headed ogre
 12019 | D:10     | Found a large runed translucent door.
 12019 | D:10     | Found a large runed translucent door.
 12052 | D:10     | Noticed a two-headed ogre
 12064 | D:10     | Killed a two-headed ogre
 12193 | D:10     | Reached skill level 17 in Polearms
 12379 | D:10     | Reached *** piety under Hepliaklqana
 12601 | D:11     | Noticed a two-headed ogre
 12608 | D:11     | Killed a two-headed ogre
 12609 | D:11     | Reached skill level 5 in Fighting
 12657 | D:11     | Noticed a manticore
 12668 | D:11     | Killed a manticore
 12793 | D:11     | Found a frozen archway.
 12820 | IceCv    | Entered an ice cave
 13057 | IceCv    | Engulfed by an ice statue's freezing vapour

Illustrated notes

Levels and vault maps discovered:
D:1:      roderic_chinese_lattice_arrival, layout_basic,
          hangedman_decor_riveting
D:2:      layout_basic, chequers_ecumenical_altar_simple_redux,
          serial_co_window_serial, co_window_paths_b, co_window_corner_a,
          co_window_paths_b, co_window_cross_1, co_window_paths_a,
          co_window_of_opportunity_c, co_window_paths_c, co_window_corner_ca,
          co_window_4corner_a, glass_columns_a, glass_columns_c,
          glass_columns_a, glass_columns_a, minmay_tetromino_l4
D:3:      wad_lake_hut, layout_basic, vehumet_altar_wand_db
D:4:      layout_loops_ring, nicolae_gozag_cash_rules_everything_around_me,
          kennysheep_vampire_church, temple_green
D:5:      kennysheep_steamy, layout_basic, ashenzari_conservatory_becter,
          serial_undead, serial_undead_a, serial_undead_f, serial_undead_a,
          serial_undead_d
D:6:      layout_rooms, minmay_overflow_temple_star_hex,
          nicolae_wu_jian_wuxing_cycle, nicolae_benzene_ring
D:7:      layout_basic, makhleb_heckhound_becter, columned_hall_lemuel,
          hex_large
D:8:      layout_loops_ring, overflow_temple_1_default, david_lair_shrubbed
D:9:      layout_cave_pods, mainiacjoe_overflow_surrounded_room,
          grunt_ministairs_15, uniq_amaemon, uniq_grum, uniq_joseph
D:10:     layout_long_grid, jmf_multi_god_temple2
D:11:     layout_basic, portal_ice_cave_demonic_guard
Temple:   hellmonk_temple_two_chambers
IceCv:    ice_cave_small_dragons

Skill      XL: |  1  2  3  4  5  6  7  8  9 10 11 |
---------------+----------------------------------+-----
Polearms       | 5 6 7 8 10 12 14 16 17 | 17.7
Shields        | 2 3 4 5 8 10 11 | 11.5
Evocations     | 1 |  1.0
Fighting       | 3 5 |  5.5
Throwing       | |  2.0
Dodging        | |  4.0

Action                   |  1- 3 |  4- 6 |  7- 9 | 10-12 || total
-------------------------+-------+-------+-------+-------++-------
Melee: Trident           |   104 |   179 |   371 |   305 ||   959
Throw: Javelin           |     1 |     1 |     4 |       ||     6
       Dart              |       |     1 |    21 |    11 ||    33
Invok: Recall Ancestor   |       |       |       |     3 ||     3
       Ancestor Life: Kn |       |       |       |     1 ||     1
       Ancestor Identity |       |       |       |     1 ||     1
Evoke: Wand              |       |       |     5 |     6 ||    11
  Use: Potion            |     3 |       |     2 |       ||     5
       Scroll            |       |     7 |     3 |     5 ||    15
 Stab: Sleeping          |     1 |       |     2 |       ||     3
       Distracted        |       |       |       |     4 ||     4
Armor: Leather armour    |     2 |       |       |       ||     2
       Ring mail         |    71 |    67 |    22 |       ||   160
       Steam dragon scal |       |       |    55 |       ||    55
       Chain mail        |       |       |    11 |    35 ||    46
Dodge: Dodged            |    50 |    52 |    81 |    19 ||   202
       Repelled          |       |       |     1 |     1 ||     2
Block: Tower shield      |   105 |   148 |   276 |   152 ||   681
